 Dungeon Crawl Stone Soup version 0.31-a0-219-g8d62b2e7bb (webtiles) character file.

Game seed: 4694425050743778733

8200 senseless the Covert (level 11, -9/117 HPs)
             Began as an Octopode Hunter on July 3, 2023.
             Was an Initiate of Gozag.
             Mangled by a skeletal warrior
             ... wielding a +0 war axe
              (15 damage)
             ... on level 9 of the Dungeon.
             The game lasted 00:24:44 (9601 turns).

senseless the Covert (Octopode Hunter)              Turns: 9601, Time: 00:24:45

Health: -9/117     AC:  1    Str: 10    XL:     11   Next: 27%
Magic:  11/11      EV: 19    Int:  8    God:    Gozag
Gold:   1311       SH:  0    Dex: 21    Spells: 10/10 levels left

rFire   . . .        v - +2 rapier (holy)
rCold   + . .        (no shield)
rNeg    . . .        (helmet restricted)
rPois   +            k - necklace of Bloodlust {Fury *Rage Will++ Int-3 Slay+6}
rElec   .            u - ring of poison resistance
rCorr   .            t - ring of protection from cold
SInv    .            (no ring)
Will    ++...        (no ring) Stlth
                     (no ring)
HPRegen 0.39/turn    (no ring)
MPRegen 0.12/turn    (no ring)
                     (no ring)

%: random rage (50%)
@: berserking, very quick
A: almost no armour, amphibious, 8 rings, camouflage 1, gelatinous body 1,
(nimble swimmer 1), tentacles
a: Renounce Religion, Potion Petition, Call Merchant, Bribe Branch


You were on level 9 of the Dungeon.
You worshipped Gozag.
Gozag was most pleased with you.
You visited 2 branches of the dungeon, and saw 13 of its levels.

You collected 1401 gold pieces.
You paid 90 gold pieces to Gozag.

Inventory:

Hand Weapons
 a - a +1 orcbow
 b - a +4 dagger of venom
 p - a +2 whip of venom
 v - a +2 rapier of holy wrath (weapon)
Jewellery
 k - the necklace of Bloodlust (around mantle) {Fury *Rage Will++ Int-3 Slay+6}
   (You found it on level 3 of the Dungeon)

   [amulet of nothing]

   Fury:      It extends the wearer's berserk rage when killing foes.
   Int:       It affects your intelligence (-3).
   Slay:      It affects your accuracy & damage with ranged weapons and melee
   (+6).
   *Rage:     It berserks you when you make melee attacks (+50% chance).
   Will:      It greatly increases your willpower.
 t - a ring of protection from cold (right tentacle)
 u - a ring of poison resistance (left tentacle)
 y - a +6 ring of strength
Wands
 h - a wand of flame (7)
 x - a wand of charming (4)
Scrolls
 d - 2 scrolls of enchant armour
 f - 2 scrolls of butterflies
 i - a scroll of fog
 l - a scroll of teleportation
 z - a scroll of acquirement {unknown}
Potions
 c - a potion of attraction
 e - a potion of berserk rage
 g - 2 potions of mutation
 j - a potion of brilliance {unknown}
 m - 2 potions of heal wounds
 n - 6 potions of ambrosia
 o - 2 potions of invisibility {unknown}
 q - 3 potions of curing {unknown}
 r - a potion of lignification {unknown}
 s - 2 potions of haste {unknown}
 w - a potion of degeneration {unknown}
Miscellaneous
 A - a phantom mirror


   Skills:
 + Level 8.5 Fighting
 + Level 4.9 Short Blades
 + Level 9.2 Ranged Weapons
 + Level 8.5 Dodging
 + Level 11.6 Stealth


You had 10 spell levels left.
You didn't know any spells.
Your spell library contained the following spells:

 Spells                   Type           Power      Damage    Failure   Level
 Shock                    Conj/Air       0%         1d3       41%         1
 Summon Small Mammal      Summ           0%         N/A       41%         1
 Call Canine Familiar     Summ           0%         N/A       78%         3
 Summon Guardian Golem    Hex/Summ       0%         N/A       78%         3
 Swiftness                Air            0%         N/A       78%         3
 Vhi's Electric Charge    Tloc/Air       0%         N/A       78%         3
 Airstrike                Air            0%         2d(0-16)  99%         4
 Arcjolt                  Conj/Air       0%         1d10      100%        5
 Plasma Beam              Fire/Air       0%         2x1d10    100%        6


Dungeon Overview and Level Annotations

Branches:
Dungeon (12/15)            Temple (1/1) D:5
   Lair: D:8-11         Orc: D:9-12

Altars:
Ashenzari
Cheibriados
Dithmenos
Fedhas
Gozag
Hepliaklqana
Kikubaaqudgha
Makhleb
Okawaru
Qazlal
Ru
Sif Muna
Trog
Uskayaw
Vehumet
Wu Jian
Xom
Yredelemnul
Zin
The Shining One

Annotations:
D:10 Fannar, Maurice


Innate Abilities, Weirdness & Mutations

You cannot wear most types of armour.
You are amphibious.
You can wear up to eight rings at the same time.
Your skin changes colour to match your surroundings (Stealth+).
Your rubbery body absorbs attacks. (AC +1, EV +1)
((You are camouflaged when in or above water. (Stealth+)))
You have tentacles for arms and can constrict up to eight enemies at once.


Message History

The skeletal warrior hits you with a +0 war axe!!
You hit the skeletal warrior.
The skeletal warrior is severely damaged.
You constrict the skeletal warrior, but do no damage.
You hit the skeletal warrior but do no damage.
The skeletal warrior is severely damaged.
You constrict the skeletal warrior, but do no damage.
The skeletal warrior hits you with a +0 war axe!!
You are too injured to fight recklessly!
You hit the skeletal warrior but do no damage.
The skeletal warrior is severely damaged.
You constrict the skeletal warrior, but do no damage.
The skeletal warrior hits you with a +0 war axe!!
* * * LOW HITPOINT WARNING * * *
You puncture the skeletal warrior!
The skeletal warrior is severely damaged.
You constrict the skeletal warrior, but do no damage.
Your +4 dagger of venom stops dripping with poison.
Your +2 rapier of holy wrath softly glows with a divine radiance!
v - a +2 rapier of holy wrath (weapon)
You constrict the skeletal warrior, but do no damage.
You hit the skeletal warrior but do no damage.
The skeletal warrior is severely damaged.
You constrict the skeletal warrior, but do no damage.
The skeletal warrior hits you with a +0 war axe!!
* * * LOW HITPOINT WARNING * * *
You hit the skeletal warrior.
The skeletal warrior convulses.
You squeeze the skeletal warrior, but do no damage.
The skeletal warrior is severely damaged.
You constrict the skeletal warrior, but do no damage.
The skeletal warrior completely misses you.
You puncture the skeletal warrior!
The skeletal warrior convulses.
The skeletal warrior is almost destroyed.
You constrict the skeletal warrior, but do no damage.
You hit the skeletal warrior but do no damage.
The skeletal warrior is almost destroyed.
You constrict the skeletal warrior, but do no damage.
The skeletal warrior hits you with a +0 war axe!
You die...
Your body crumbles into a pile of gold.

#..<................#
####'##.######.###.##
##..##.#≈≈≈≈#.....# #
#..###.#≈>.≈#:##### ##
##.####)#≈⌠_≈#....##############.
#....##.#≈≈≈≈#....'..............
#.)..##.##''##....##############.
#....#.........z..# #.
#....#.###......@.# #. #......#
#...<....# ## #....### ##########
#....# ######


You could see a skeletal warrior.

Vanquished Creatures
  A two-headed ogre (D:11)
  A cyclops (D:9)
  A kobold demonologist (D:9)
  A queen bee (D:8)
  A troll (D:9)
  A hornet (D:6)
  Grinder (D:3)
  Sigmund (D:5)
  A wyvern (D:9)
  8 yaks
  2 humans (D:9)
  Eustachio (D:4)
  A steam dragon (D:9)
  Duvessa (D:6)
  2 water moccasins
  2 orc warriors (D:7)
  2 ice beasts
  An ogre (D:5)
  2 centaurs
  3 wolves (D:10)
  2 kobold brigands
  4 bullfrogs
  Blork the orc (D:5)
  A gnoll sergeant (D:9)
  5 scorpions
  Dowan (D:6)
  29 killer bees
  2 electric eels (D:11)
  8 howler monkeys
  3 hounds (D:5)
  Crazy Yiuf (D:5)
  An orc priest (D:10)
  Natasha (D:4)
  3 iguanas
  3 orc wizards (D:7)
  9 adders
  5 gnolls
  2 worms
  2 dart slugs
  24 orcs
  11 ball pythons
  3 endoplasms
  2 giant cockroaches
  7 goblins
  A hobgoblin (D:2)
  13 jackals
  3 quokkas
  6 bats
  5 frilled lizards
  12 kobolds
  8 rats
212 creatures vanquished.

Vanquished Creatures (others)
  An orc wizard (D:9)
1 creature vanquished.

Grand Total: 213 creatures vanquished

Notes
Turn   | Place    | Note
-------+----------+-------------------------------------------
     0 | D:1      | senseless the Octopode Hunter began the quest for the Orb.
     0 | D:1      | Reached XP level 1. HP: 14/14 MP: 1/1
    66 | D:1      | Reached skill level 2 in Stealth
    66 | D:1      | Reached XP level 2. HP: 4/19 MP: 2/2
   308 | D:1      | Reached XP level 3. HP: 25/25 MP: 3/3
   853 | D:2      | Found a stormy altar of Qazlal.
   919 | D:2      | Found a faded altar of an unknown god.
  1053 | D:2      | Reached XP level 4. HP: 21/30 MP: 4/4
  1166 | D:2      | Reached skill level 3 in Stealth
  1746 | D:3      | Found the necklace of Bloodlust {Fury *Rage Will++ Int-3
                  | Slay+6}
  1766 | D:3      | Reached XP level 5. HP: 33/36 MP: 5/5
  1809 | D:3      | Noticed Grinder
  1823 | D:3      | Killed Grinder
  1824 | D:3      | Reached skill level 5 in Ranged Weapons
  1824 | D:3      | Reached skill level 4 in Stealth
  1824 | D:3      | Reached XP level 6. HP: 43/43 MP: 6/6
  2240 | D:4      | Noticed Eustachio
  2246 | D:4      | Killed Eustachio
  2247 | D:4      | Reached skill level 5 in Stealth
  2247 | D:4      | Reached XP level 7. HP: 48/48 MP: 7/7
  2515 | D:4      | Noticed Natasha
  2520 | D:4      | Killed Natasha
  2867 | D:5      | Entered Level 5 of the Dungeon
  2891 | D:5      | Noticed Sigmund
  2895 | D:5      | Killed Sigmund
  2967 | D:5      | Reached skill level 6 in Stealth
  3059 | D:5      | Found a runed translucent door.
  3060 | D:5      | Noticed Crazy Yiuf
  3102 | D:5      | Noticed Blork the orc
  3107 | D:5      | Killed Blork the orc
  3108 | D:5      | Reached XP level 8. HP: 54/54 MP: 8/8
  3178 | D:5      | Reached skill level 5 in Fighting
  3178 | D:5      | Reached skill level 5 in Dodging
  3268 | D:5      | Found an ornate altar of the Wu Jian Council.
  3396 | D:5      | Found a bloodstained altar of Trog.
  3398 | D:5      | Found a radiant altar of Vehumet.
  3399 | D:5      | Found a basalt altar of Yredelemnul.
  3399 | D:5      | Found a hazy altar of Hepliaklqana.
  3426 | D:5      | Found a broken altar of Ashenzari.
  3522 | D:5      | Found a staircase to the Ecumenical Temple.
  3668 | D:5      | Killed Crazy Yiuf
  3721 | Temple   | Entered the Ecumenical Temple
  3726 | Temple   | Became a worshipper of Gozag Ym Sagoz the Greedy
  3860 | D:6      | Reached skill level 7 in Stealth
  3900 | D:6      | Found a blossoming altar of Fedhas.
  3938 | D:6      | Noticed a hornet
  3942 | D:6      | Killed a hornet
  3957 | D:6      | Noticed Duvessa
  3960 | D:6      | Noticed Dowan
  3965 | D:6      | Killed Duvessa
  3968 | D:6      | Killed Dowan
  4124 | D:6      | Reached skill level 8 in Stealth
  4124 | D:6      | Reached XP level 9. HP: 62/62 MP: 9/9
  4883 | D:7      | Reached skill level 9 in Stealth
  6092 | D:8      | Reached skill level 1 in Short Blades
  6141 | D:8      | Found a shimmering blue altar of Sif Muna.
  6190 | D:8      | Found a sacrificial altar of Ru.
  6243 | D:9      | Noticed a queen bee
  6307 | D:8      | Reached XP level 10. HP: 57/71 MP: 10/10
  6899 | D:8      | Reached skill level 10 in Stealth
  7599 | D:9      | Noticed a cyclops
  7608 | D:9      | Killed a cyclops
  8018 | D:9      | Found an iron altar of Okawaru.
  8032 | D:9      | Reached skill level 11 in Stealth
  8265 | D:9      | Found an ancient bone altar of Kikubaaqudgha.
  8307 | D:9      | You fall into a shaft and drop 3 floors!
  8319 | D:11     | Reached XP level 11. HP: 77/77 MP: 11/11
  8376 | D:11     | Noticed a two-headed ogre
  8389 | D:11     | Killed a two-headed ogre
  8505 | D:10     | Entered Level 10 of the Dungeon
  8537 | D:10     | Found a shadowy altar of Dithmenos.
  8654 | D:10     | Noticed Fannar
  8656 | D:10     | Noticed a death knight
  8656 | D:10     | Noticed a skeletal warrior
  8658 | D:10     | Noticed an ogre mage
  8896 | D:10     | Noticed Maurice
  8935 | D:9      | Found a burning altar of Makhleb.
  9186 | D:9      | Found a glowing silver altar of Zin.
  9601 | D:9      | Mangled by a skeletal warrior

Illustrated notes

Levels and vault maps discovered:
D:1:      minmay_arrival_arboretum_small, layout_loops_ring, glass_columns_a,
          hangedman_decor_push
D:2:      layout_basic, ebering_ecumenical_altar_abandoned, basic_altar
D:3:      layout_rooms, uniq_grinder
D:4:      layout_basic, uniq_eustachio, uniq_natasha
D:5:      layout_cave_pools, mainiacjoe_overflow_small_starburst,
          mainiacjoe_overflow_alcove_3, nicolae_wu_jian_immortal_techniques,
          minmay_temple_entry_junction, uniq_blork_the_orc, uniq_sigmund,
          uniq_crazy_yiuf_cottage
D:6:      layout_loops_ring, lemuel_round_altar, uniq_duvessa
D:7:      layout_loops_ring
D:8:      layout_loops_ring, mainiacjoe_overflow_two_lobes, glass_columns_b
D:9:      layout_roguey, okawaru_humans, general_overflow_altar,
          lemuel_tele_altar, bloody_makhleb, special_room [special_room_bee],
          st_stairs_8
D:10:     minmay_bloctagon_deflated, layout_long_grid,
          nicolae_dithmenos_through_a_glass_darkly,
          mainiacjoe_overflow_six_doors_small, nemelex_spade_bored_becter,
          hellmonk_lair_entry_icy, serial_shops,
          nicolae_shop_tiny_statue_garden, uniq_maurice, uniq_snorg,
          uniq_fannar, uniq_josephine
D:11:     layout_loops_ring, trove_entry_hex_spiral, fungi_pond_lemuel
D:12:     minmay_inner_zag, layout_small_grid, uniq_sonja, uniq_azrael
Temple:   hellmonk_temple_micro_hex

Skill      XL: |  1  2  3  4  5  6  7  8  9 10 11 |
---------------+----------------------------------+-----
Stealth        | 2 3 4 5 6 8 9 11 | 11.6
Fighting       | 3 4 5 7 8 |  8.5
Dodging        | 3 4 5 7 8 |  8.5
Ranged Weapons | 5 6 7 8 9 |  9.2
Short Blades   | 1 4 |  4.9

Action                     |  1- 3 |  4- 6 |  7- 9 | 10-12 || total
---------------------------+-------+-------+-------+-------++-------
  Melee: Rapier            |       |     5 |    41 |    25 ||    71
         Constrict         |       |     2 |     9 |    23 ||    34
         Tentacles         |       |     2 |     8 |    25 ||    35
         Punch             |       |       |     2 |       ||     2
         Dagger            |       |       |       |    82 ||    82
   Fire: Shortbow          |    74 |   102 |   175 |       ||   351
         Orcbow            |       |       |    25 |   129 ||   154
    Use: Scroll            |       |       |    11 |     2 ||    13
         Potion            |       |       |     1 |       ||     1
   Stab: Sleeping          |       |       |     1 |       ||     1
         Distracted        |       |       |     1 |     1 ||     2
 Armour: Skin              |       |     5 |     4 |     6 ||    15
  Dodge: Dodged            |    16 |    31 |    72 |   175 ||   294

Table legend: (Time is in decaauts)
 A = Elapsed time spent in this place.
 B = Non-inter-level travel time spent in this place.
 C = Inter-level travel time spent in this place.
 D = Time resting spent in this place.
 E = Time spent auto-exploring this place.
 F = Levels seen in this place.
 G = Mean time per level.
                   A        B        C        D        E       F      G
               +--------+--------+--------+--------+--------+-----+--------+
         Total |   9904 |   9548 |    356 |   1876 |   6358 |  13 |  761.8 |
       Dungeon |   9893 |   9545 |    348 |   1876 |   6358 |  12 |  824.4 |
        Temple |     10 |      2 |      8 |      0 |      0 |   1 |   10.0 |
               +--------+--------+--------+--------+--------+-----+--------+

Top non-repeatable levels by time:
     D:8: 1951 daAuts
     D:9: 1791 daAuts
     D:5: 904 daAuts
     D:7: 884 daAuts
     D:2: 864 daAuts
     D:6: 802 daAuts
     D:1: 799 daAuts
     D:4: 728 daAuts
     D:3: 532 daAuts
    D:10: 428 daAuts
    D:11: 199 daAuts
  Temple: 10 daAuts
    D:12: 5 daAuts
